 Dungeon Crawl Stone Soup version bcrawl-1.17.3 (webtiles) character file.

Game seed: 2681698586028131136

18241 Chiseanne the Protected (level 12, -2/97 HPs)
             Began as a Mummy Archaeologist on Oct 25, 2019.
             Was an Initiate of Gozag.
             Slain by an orc warrior
             ... wielding a +0 war axe
              (25 damage)
             ... on level 10 of the Dungeon.
             The game lasted 00:25:39 (13222 turns).

Chiseanne the Protected (Mummy Archaeologist)      Turns: 13222, Time: 00:25:39

Health: -2/97      AC: 23    Str: 15    XL:     12   Next: 26%
Magic:  12/12      EV: 13    Int: 24    God:    Gozag
Gold:   692        SH:  0    Dex: 10    Spells: 11/11 levels left

rFire    . . .     SeeInvis .   a - +7 mace of Variability {chain chaos}
rCold    + . .     Gourm    .   (shield currently unavailable)
rNeg     + + +     Faith    .   G - +2 scale mail "Jyoces" {*Corrode rF+ Int+6 Slay+2}
rPois    ∞         Spirit   .   t - +2 helmet
rElec    .         Reflect  .   k - +0 cloak
rCorr    .         Harm     .   B - +1 pair of gloves
MR       ++...     Clarity  +   y - +1 pair of boots {Stlth++}
Stlth    +++.......             (no amulet)
HPRegen  0.26/turn              C - ring of protection from magic
MPRegen  0.13/turn              H - +3 ring of protection

@: no status effects
A: no food or potions, fire vulnerability, clarity, cold resistance 1, negative
energy resistance 3, torment resistance, unbreathing
a: Potion Petition, Call Merchant, Bribe Branch, Renounce Religion


You were on level 10 of the Dungeon.
You worshipped Gozag.
Gozag was pleased with you.
You were not hungry.

You visited 3 branches of the dungeon, and saw 14 of its levels.

You collected 2085 gold pieces.
You spent 877 gold pieces at shops.
You paid 516 gold pieces to Gozag.

Inventory:

Hand Weapons
 a - the +7 mace of Variability (weapon) {chain chaos} Each time it hits an enemy it has a different, random effect.
 h - a +2 short sword of venom
 l - a +0 blowgun
 s - a +3 dagger of venom
 w - a +2 flail of protection
 x - the +10 dagger of Ecyla {pierce, -Tele +Rage rPois Str+5}
   (You found it on level 6 of the Dungeon)

   It inflicts extra damage upon your enemies.
   It affects your strength (+5).
   It protects you from poison.
   It lets you go berserk.
   It prevents most forms of teleportation.
Missiles
 b - 1552 poisoned needles
 g - 261 tomahawks (quivered)
 i - 2653 stones
 n - 1165 arrows
 p - 644 bolts
 q - 524 sling bullets
 u - 67 poisoned tomahawks
Armour
 k - a +0 cloak (worn)
 t - a +2 helmet (worn)
 y - a +1 pair of boots of stealth (worn)
 B - a +1 pair of gloves (worn)
 G - the +2 scale mail "Jyoces" (worn) {*Corrode rF+ Int+6 Slay+2}
   (You bought it in a shop on level 7 of the Dungeon)

   It affects your intelligence (+6).
   It affects your accuracy and damage with ranged weapons and melee attacks
   (+2).
   It protects you from fire.
   It may corrode you when you take damage.
Jewellery
 m - an uncursed ring of protection from cold
 C - a ring of protection from magic (left hand)
 H - a +3 ring of protection (right hand)
Wands
 d - a wand of paralysis (11)
 e - a wand of polymorph (6)
 z - a wand of acid (11)
 F - a wand of flame (22)
Scrolls
 c - 3 scrolls of magic mapping
 f - a scroll of fear
 j - 4 scrolls of teleportation
 o - a scroll of amnesia
 r - 7 scrolls of remove curse
 v - a scroll of identify
 A - a scroll of enchant weapon
 D - a scroll of silence
 E - a scroll of fog


   Skills:
 - Level 10.0 Fighting
 - Level 6.0 Maces & Flails
 * Level 10.6 Armour
 - Level 10.0 Dodging
 - Level 2.6 Stealth


You had 11 spell levels left.
You didn't know any spells.
Your spell library contained the following spells:

 Spells                   Type           Power        Failure   Level  Hunger
 Apportation              Tloc           #.....       41%         1    N/A
 Infusion                 Chrm           #.......     41%         1    N/A
 Sandblast                Erth           #.....       41%         1    N/A
 Slow                     Hex            #.......     41%         1    N/A
 Summon Butterflies       Summ           #.......     41%         1    N/A
 Petrify                  Tmut/Erth      #.......     99%         4    N/A
 Freezing Cloud           Ice/Air        #.........   100%        6    N/A
 Simulacrum               Ice/Necr       #.........   100%        6    N/A

Dungeon Overview and Level Annotations

Branches:
Dungeon (12/12)            Temple (1/1) D:5            Lair (0/6) D:8
    Orc (1/1) D:10         Vaults (0/3) D:11
    Elf: Orc:1       Depths: D:12

Altars:
Ashenzari
Cheibriados
Fedhas
Gozag
Hepliaklqana
Kikubaaqudgha
Lugonu
Makhleb
Nemelex Xobeh
Okawaru
Qazlal
Ru
Sif Muna
Trog
Vehumet
Wu Jian
Xom
Yredelemnul
Zin
The Shining One
Beogh

Shops:
D:7 [   D:8 ?   D:11 }}   Orc [


Innate Abilities, Weirdness & Mutations

You do not eat or drink.
Your flesh is vulnerable to fire.
You are immune to poison.
You possess an exceptional clarity of mind.
Your flesh is cold resistant. (rC+)
You are immune to negative energy. (rN+++)
You are immune to unholy pain and torment.
You can survive without breathing.


Message History

The orc warlord roars a battlecry!
The orc sorcerer goes into a battle-frenzy!
The warg howls!
The orc warrior hits you with a +0 dire flail!
The orc warrior hits you with a +0 war axe!
The orc warrior throws a tomahawk.
The tomahawk hits you but does no damage.
You climb upwards.
Welcome back to the Dungeon!
There is a staircase to the Orcish Mines here.
You bludgeon the orc warrior!!
The orc warrior is poisoned.
The orc warrior is severely wounded.
The orc warrior hits you with a +0 dire flail!
The orc warrior misses you.
You closely miss the orc warrior.
The orc warrior is severely wounded.
The orc warrior hits you with a +0 dire flail!
* * * LOW HITPOINT WARNING * * *
The orc warrior hits you with a +0 war axe!!
You die...
Your body crumbles into a pile of gold.

#.# #....[[.# #..... #####'##
#.......# #..... #......#
#.......###..... ###......######
#..[....'.#.....
..'......'....####[......#.'.....
.##....#########..)[.....###.....
###....#.....#8.)........# #....>
#....#.....#.[o........# #.....
#..!.#.._..'..@o.......# #.....
#....#.....#...........# #.....
######.....#8....####### ######
########....# ######


You could see 2 orc warriors.

Vanquished Creatures
  A hydra (D:10)
  2 centaur warriors
  A two-headed ogre (D:9)
  An unseen horror (D:10)
  2 skeletal warriors (D:11)
  Pikel (D:4)
  An orc sorcerer (D:10)
  A wolf spider zombie (D:8)
  An orc knight (D:6)
  An efreet (D:10)
  2 trolls (D:10)
  A jumping spider (shapeshifter) (D:7)
  A hornet (D:10)
  A hippogriff (D:7)
  6 slime creatures
  A shadow (D:8)
  6 yaks (D:9)
  3 hungry ghosts
  Edmund (D:4)
  A water moccasin (D:5)
  2 porcupines (D:8)
  7 orc warriors
  3 phantoms
  6 sky beasts
  2 black bears
  2 ice beasts
  An eye of draining (D:10)
  A slave (D:4)
  3 ogres
  4 centaurs
  A big kobold (D:3)
  8 bullfrogs
  A water moccasin zombie (D:9)
  2 scorpions
  13 killer bees
  4 howler monkeys
  A bullfrog zombie (D:4)
  3 crimson imps
  2 centaur zombies
  4 hounds
  A jelly (D:6)
  4 orc priests
  Crazy Yiuf (D:2)
  3 bullfrog skeletons
  5 centaur skeletons
  6 iguanas
  Terence (D:2)
  12 orc wizards
  8 worker ants
  Ijyb (D:3)
  A hound zombie (D:8)
  A worker ant zombie (D:5)
  A howler monkey zombie (D:7)
  5 adders
  3 shadow imps
  An adder skeleton (D:5)
  5 dart slugs
  5 leopard geckos
  41 orcs
  3 giant cockroaches
  4 goblins
  10 hobgoblins
  3 jackals (D:5)
  4 quokkas
  4 bats
  5 frilled lizards
  8 kobolds
  A quokka skeleton (D:4)
  4 rats
  5 fungi (D:8)
  A plant (D:8)
262 creatures vanquished.

Vanquished Creatures (others)
  2 dancing weapons (D:11)
  A giant cockroach (D:4)
  17 fungi
  2 plants (D:8)
22 creatures vanquished.

Grand Total: 284 creatures vanquished

Notes
Turn   | Place    | Note
-------+----------+-------------------------------------------
     0 | D:1      | Chiseanne the Mummy Archaeologist began the quest for the
                  | Orb.
     0 | D:1      | Reached XP level 1. HP: 15/15 MP: 1/1
    21 | D:1      | Noticed a basilisk
    21 | D:1      | Noticed a tyrant leech
    21 | D:1      | Noticed a worker ant
    21 | D:1      | Noticed a hell rat
    21 | D:1      | Noticed a fire giant
   212 | D:1      | Reached XP level 2. HP: 18/22 MP: 2/2
   662 | D:1      | Reached XP level 3. HP: 23/29 MP: 3/3
   744 | D:1      | Reached skill level 1 in Maces & Flails
  1029 | D:2      | Found a runed door.
  1128 | D:2      | Reached XP level 4. HP: 22/35 MP: 4/4
  1248 | D:2      | Noticed Terence
  1487 | D:2      | Killed Terence
  1577 | D:2      | Noticed Crazy Yiuf
  1584 | D:2      | Killed Crazy Yiuf
  1733 | D:3      | Reached XP level 5. HP: 40/41 MP: 5/5
  1900 | D:3      | Reached skill level 5 in Maces & Flails
  2233 | D:3      | Noticed Ijyb
  2246 | D:3      | Killed Ijyb
  2246 | D:3      | Reached XP level 6. HP: 47/47 MP: 6/6
  2505 | D:4      | Noticed Edmund
  2522 | D:4      | Killed Edmund
  2522 | D:4      | Reached skill level 1 in Armour
  2587 | D:4      | Noticed a slave
  2589 | D:4      | Noticed Pikel
  2610 | D:4      | Killed a slave
  2642 | D:4      | Killed Pikel
  2642 | D:4      | Reached XP level 7. HP: 36/55 MP: 7/7
  3026 | D:4      | Reached skill level 5 in Fighting
  3026 | D:4      | Reached XP level 8. HP: 58/62 MP: 8/8
  3489 | D:4      | Found a stormy altar of Qazlal.
  3490 | D:4      | Found a sparkling altar of Nemelex Xobeh.
  3541 | D:5      | Entered Level 5 of the Dungeon
  3900 | D:5      | Found a staircase to the Ecumenical Temple.
  3906 | Temple   | Entered the Ecumenical Temple
  4000 | Temple   | Became a worshipper of Gozag Ym Sagoz the Greedy
  4220 | D:5      | Reached skill level 5 in Dodging
  4817 | D:6      | Reached XP level 9. HP: 49/71 MP: 9/9
  4935 | D:6      | Got a brightly glowing dagger
  5127 | D:6      | Reached skill level 5 in Armour
  5432 | D:7      | Noticed an orc knight
  5764 | D:7      | Noticed a meliai
  5769 | D:7      | Noticed a jumping spider
  5769 | D:7      | a meliai changed into a jumping spider
  5788 | D:7      | Killed a jumping spider
  5910 | D:6      | Killed an orc knight
  6415 | D:7      | Reached XP level 10. HP: 64/80 MP: 10/10
  6507 | D:7      | Identified the +10 dagger of Ecyla {pierce, -Tele +Rage
                  | rPois Str+5} (You found it on level 6 of the Dungeon)
  6878 | D:7      | Bought a shimmering ring mail for 243 gold pieces
  6878 | D:7      | Identified the +4 ring mail of the Stars {*Contam Int+4
                  | SInv} (You bought it in a shop on level 7 of the Dungeon)
  7382 | D:8      | Found a staircase to the Lair.
  7685 | D:8      | Found Xysasmeh's Magic Scroll Shoppe.
  8003 | D:7      | Bought an ancient scale mail for 243 gold pieces
  8003 | D:7      | Identified the +2 scale mail "Jyoces" {*Corrode rF+ Int+6
                  | Slay+2} (You bought it in a shop on level 7 of the Dungeon)
  8143 | D:9      | Noticed a centaur warrior
  8157 | D:9      | Killed a centaur warrior
  8306 | D:9      | Reached XP level 11. HP: 45/90 MP: 11/11
  9450 | D:7      | Bought a pair of runed boots for 202 gold pieces
  9450 | D:7      | Bought an encrusted leather armour for 189 gold pieces
  9452 | D:7      | Identified the +3 leather armour of Mumblety Peg {Int+3}
                  | (You bought it in a shop on level 7 of the Dungeon)
  9534 | D:10     | Entered Level 10 of the Dungeon
  9732 | D:10     | Reached skill level 10 in Fighting
  9742 | D:10     | Noticed a two-headed ogre
 10094 | D:9      | Killed a two-headed ogre
 10827 | D:10     | Killed an unseen horror
 11002 | D:10     | Noticed a four-headed hydra
 11042 | D:10     | Killed a four-headed hydra
 11054 | D:10     | Found a staircase to the Orcish Mines.
 11083 | D:10     | Found a roughly hewn altar of Beogh.
 11083 | D:10     | Identified the Grimoire of the Shifting Glacier
 11421 | D:11     | Found Fywaal's Gadget Emporium.
 11528 | D:11     | Noticed a centaur warrior
 11536 | D:11     | Noticed a skeletal warrior
 11538 | D:11     | Noticed a skeletal warrior
 11543 | D:11     | Killed a centaur warrior
 11545 | D:11     | Noticed a skeletal warrior
 11898 | D:11     | Killed a skeletal warrior
 11917 | D:11     | Killed a skeletal warrior
 11917 | D:11     | Reached skill level 10 in Dodging
 12160 | D:11     | Banished a skeletal warrior
 12160 | D:11     | Reached XP level 12. HP: 70/97 MP: 12/12
 12432 | D:11     | Reached skill level 10 in Armour
 12461 | D:11     | Found Liarash's Gadget Shop.
 13061 | D:11     | Found a gate to the Vaults.
 13110 | D:12     | Entered Level 12 of the Dungeon
 13110 | D:12     | Noticed a two-headed ogre
 13172 | Orc      | Entered the Orcish Mines
 13172 | Orc      | Found Zikhlodu's Antique Armour Shop.
 13179 | Orc      | Noticed an orc warlord
 13222 | D:10     | Slain by an orc warrior

Skill      XL: |  1  2  3  4  5  6  7  8  9 10 11 12 |
---------------+-------------------------------------+-----
Fighting       | 2 3 4 5 6 8 9 10 | 10.0
Maces & Flails | 3 4 6 |  6.0
Armour         | 2 3 4 6 7 9 10 | 10.6
Dodging        | 3 4 5 6 8 10 | 10.0
Stealth        | |  2.6

Action                   |  1- 3 |  4- 6 |  7- 9 | 10-12 || total
-------------------------+-------+-------+-------+-------++-------
Melee: Whip              |    85 |       |       |       ||    85
       Dagger            |    36 |   104 |   152 |   121 ||   413
       Mace              |     6 |       |       |       ||     6
       Great mace        |       |     8 |   132 |   348 ||   488
       Quarterstaff      |       |     3 |       |       ||     3
Throw: Tomahawk          |       |       |     9 |     1 ||    10
Invok: Call Merchant     |       |       |       |     1 ||     1
Evoke: Wand              |       |       |     3 |       ||     3
  Use: Scroll            |     5 |     3 |     6 |     7 ||    21
 Stab: Sleeping          |     1 |       |     1 |     4 ||     6
       Distracted        |       |       |     1 |     1 ||     2
       Paralysed         |       |       |     1 |     5 ||     6
       Petrified         |       |       |       |     1 ||     1
Armor: Robe              |     4 |       |       |       ||     4
       Ring mail         |    50 |    44 |    97 |       ||   191
       Plate armour      |       |       |   142 |   118 ||   260
       Scale mail        |       |       |       |   238 ||   238
Dodge: Dodged            |   107 |    55 |   212 |   299 ||   673
